 Dungeon Crawl Stone Soup version 0.17-a0-913-g36eb389 (webtiles) character file.

38474 Lathuz the Severer (level 13, 0/113 HPs)
             Began as a Minotaur Berserker on May 3, 2015.
             Was a High Priest of Trog.
             Killed from afar by a smoke demon (18 damage)
             ... with a ball of steam
             ... on level 8 of the Lair of Beasts.
             The game lasted 00:45:25 (17949 turns).

Lathuz the Severer (Minotaur Berserker)            Turns: 17949, Time: 00:45:25

Health: 0/113      AC: 26    Str: 22    XL:     13   Next: 64%
Magic:  18/18      EV:  8    Int:  4    God:    Trog [*****.]
Gold:   754        SH:  0    Dex: 11    Spells: 0 memorised, 12 levels left

rFire  . . .     SeeInvis +     P - +2 executioner's axe (flame)
rCold  . . .     Clarity  .     Q - +9 plate armour "Kuush" {+Blink rPois Dex-4 SInv}
rNeg   . . .     SustAb   .     (no shield)
rPois  +         Gourm    .     (helmet restricted)
rElec  .         Spirit   .     (no cloak)
rCorr  .         Warding  .     x - +0 pair of gloves
rMut   .         Stasis   .     (no boots)
MR     +....                    (no amulet)
Stlth  ..........               (no ring)
                                L - ring of protection from magic

@: about to teleport, somewhat resistant to hostile enchantments, extremely
unstealthy
A: retaliatory headbutt, horns 2
a: Burn Spellbooks, Berserk, Trog's Hand, Brothers in Arms, Renounce Religion,
Evoke Blink


You were on level 8 of the Lair of Beasts.
You worshipped Trog.
Trog was extremely pleased with you.
You were not hungry.

You visited 2 branches of the dungeon, and saw 16 of its levels.

You collected 1122 gold pieces.
You spent 368 gold pieces at shops.

Inventory:

Hand weapons
 r - a +3 antimagic dire flail
 z - a +0 battleaxe
 P - a +2 executioner's axe of flaming (weapon)
 W - a +2 battleaxe of freezing
Armour
 x - a +0 pair of gloves (worn)
 K - a +1 plate armour
 Q - the +9 plate armour "Kuush" (worn) {+Blink rPois Dex-4 SInv}
   (You found it on level 2 of the Lair of Beasts)

   It affects your dexterity (-4).
   It protects you from poison.
   It enhances your eyesight.
   It lets you blink.
Jewellery
 b - an uncursed ring of fire
 e - a +4 ring of intelligence
 G - an uncursed ring of protection from fire
 L - a ring of protection from magic (left hand)
Magical devices
 k - a wand of paralysis (10)
 t - a wand of lightning (3)
 y - a wand of teleportation (3)
 B - a wand of hasting (1)
 D - a wand of slowing (16)
 F - a wand of disintegration (10)
 N - a wand of lightning (15)
 R - a wand of enslavement (13)
 S - a wand of invisibility (4)
 V - a wand of fireball (1)
Scrolls
 a - a scroll of fear
 d - a scroll of torment {unknown}
 f - 4 scrolls of enchant armour
 g - 9 scrolls of identify
 i - 3 scrolls of immolation
 j - 7 scrolls of remove curse
 m - a scroll of enchant weapon {unknown}
 p - a scroll of blinking
 v - 2 scrolls of teleportation
 w - 4 scrolls of fog
 A - 5 scrolls of recharging
Potions
 h - 5 potions of curing {unknown}
 l - 3 potions of cancellation {unknown}
 n - 3 potions of heal wounds {unknown}
 q - a potion of ambrosia {unknown}
 C - a potion of mutation {unknown}
 E - a potion of haste {unknown}
 I - 2 potions of brilliance {unknown}
 J - 3 potions of poison {unknown}
 M - 2 potions of might {unknown}
 O - 2 potions of flight {unknown}
 T - a potion of resistance {unknown}
 U - a potion of magic {unknown}
 X - a potion of lignification {unknown}
Comestibles
 c - 12 bread rations
 o - 2 meat rations
 u - 16 fruits
 H - 10 slices of pizza


   Skills:
 - Level 10.1 Fighting
 * Level 19.3 Axes
 - Level 12.0 Armour
 - Level 2.1 Dodging
 - Level 2.6 Stealth
 + Level 9.0 Evocations


You had 12 spell levels left.
You didn't know any spells.

Dungeon Overview and Level Annotations

Branches:
Dungeon (9/15)             Temple (0/1) D:6            Lair (8/8) D:8
 Shoals (0/4) Lair:3       Spider (0/4) Lair:3
  Slime: Lair:6-8       Orc: D:9-12

Altars:
Ashenzari
Kikubaaqudgha
Makhleb
Nemelex Xobeh
Qazlal
Ru
Sif Muna
Trog
Vehumet
Xom
Yredelemnul
Zin

Shops:
D:5 :   D:6 (   D:9 [

Portals:
Hell: Lair:8


Innate Abilities, Weirdness & Mutations

You reflexively headbutt those who attack you in melee.
You have a pair of horns on your head.


Message History

You hit the smoke demon but do no damage.
The smoke demon is lightly wounded.
You are covered in liquid flames!
* * * LOW HITPOINT WARNING * * *
The smoke demon completely misses you.
The smoke demon hits you but does no damage.
The smoke demon hits you.
* * * LOW HITPOINT WARNING * * *
Read which item? (? for menu, Esc to quit)
As you read the scroll of teleportation, it crumbles to dust.
You feel strangely unstable.
You are covered in liquid flames!
* * * LOW HITPOINT WARNING * * *
The smoke demon hits you but does no damage. x2
The smoke demon closely misses you.
You slash the smoke demon! You headbutt the smoke demon!
The smoke demon is severely wounded.
The smoke demon gestures at you. The ball of steam hits you!
You die...

♣....♣ ♣♣
#######''######
#.............#######
#....8....8...#...... #
#.............'...8.8
#§###############..8.8.
#§≈≈§§≈≈........#)..8.8
#§≈≈§≈§.........#).8.8.
#≈≈≈≈∩@34.._....')..8.8
#≈§≈≈≈§§§....§..#..8.8.
#≈≈§§§§§§≈≈..§..#......
#≈≈§≈≈≈≈≈≈≈≈§##########
#≈≈≈≈≈≈≈≈≈≈§≈≈≈
###############


You could see a smoke demon and a blue devil.

Vanquished Creatures
  A dire elephant (Lair:8)
  4 hydras
  Fannar (Lair:3)
  4 death yaks
  3 griffons
  A lindwurm (Lair:8)
  A wolf spider (Lair:3)
  A manticore (Lair:3)
  2 black mambas
  A wizard (Lair:8)
  Joseph (D:7)
  13 spiny frogs
  3 torpor snails
  An orange demon (Lair:8)
  10 komodo dragons
  A hellwing (Lair:8)
  A wandering mushroom (D:8)
  2 blue devils (Lair:8)
  4 fire drakes
  2 polar bears
  A two-headed ogre (D:9)
  10 blink frogs
  A deep elf fighter (D:8)
  2 basilisks
  6 wolves (Lair:8)
  A hungry ghost (D:8)
  6 hippogriffs
  41 yaks
  10 water moccasins
  9 porcupines
  An eye of draining (D:9)
  A sky beast (D:8)
  2 centaurs
  An ogre (D:9)
  2 ice beasts
  3 phantoms
  10 crocodiles
  4 boring beetles
  12 giant frogs
  3 scorpions
  10 wights
  10 killer bees
  A jelly (D:8)
  3 hounds
  4 orc priests
  3 crimson imps
  Crazy Yiuf (D:7)
  A giant frog zombie (D:6)
  4 orc wizards
  6 iguanas
  Jessica (D:3)
  A centaur zombie (D:8)
  A giant frog skeleton (D:7)
  3 worker ants
  6 sheep (Lair:5)
  A hound skeleton (D:6)
  11 adders
  10 gnolls
  37 river rats
  3 shadow imps
  2 oozes
  An adder skeleton (D:4)
  2 adder zombies
  4 worms
  11 orcs
  3 ball pythons (D:3)
  A bat skeleton (D:5)
  6 giant cockroaches
  11 goblins
  18 hobgoblins
  17 bats
  2 giant geckos
  A giant gecko skeleton (D:6)
  8 giant newts
  A giant spore (D:9)
  17 jackals
  6 kobolds
  A quokka (D:5)
  2 quokka skeletons
  A quokka zombie (D:8)
  11 rats
  A spectral orc (D:3)
  2 ballistomycetes (D:9)
  11 fungi
  4 plants
444 creatures vanquished.

Vanquished Creatures (collateral kills)
  A sun demon (Lair:8)
  3 orange demons (Lair:8)
  A blue devil (Lair:8)
  2 red devils (Lair:8)
7 creatures vanquished.

Vanquished Creatures (others)
  An ice beast (D:9)
  A giant frog (D:8)
  A gnoll (D:8)
  2 giant spores
  A wandering mushroom (D:8)
  A ballistomycete (D:8)
  2 fungi
  2 plants (Lair:8)
11 creatures vanquished.

Grand Total: 462 creatures vanquished

Notes
Turn   | Place    | Note
--------------------------------------------------------------
     0 | D:1      | Lathuz, the Minotaur Berserker, began the quest for the Orb.
     0 | D:1      | Reached XP level 1. HP: 19/19 MP: 0/0
    64 | D:1      | Reached skill level 4 in Axes
   209 | D:1      | Reached XP level 2. HP: 26/26 MP: 1/1
   853 | D:2      | Reached XP level 3. HP: 26/31 MP: 2/2
   882 | D:2      | Reached skill level 5 in Axes
   886 | D:2      | Acquired Trog's second power
  1017 | D:2      | Reached skill level 1 in Stealth
  1407 | D:2      | Found a deep blue altar of Sif Muna.
  1505 | D:3      | Reached XP level 4. HP: 39/39 MP: 3/3
  1700 | D:3      | Noticed Jessica
  1706 | D:3      | Killed Jessica
  1706 | D:3      | Reached skill level 6 in Axes
  1757 | D:3      | Found a glowing silver altar of Zin.
  1842 | D:3      | Found an ancient bone altar of Kikubaaqudgha.
  1927 | D:3      | Found a basalt altar of Yredelemnul.
  2031 | D:3      | Found a sparkling altar of Nemelex Xobeh.
  2071 | D:3      | Found a glowing drain.
  2091 | D:3      | Reached XP level 5. HP: 35/45 MP: 4/4
  2366 | D:4      | Noticed a phantom
  2389 | D:4      | Killed a phantom
  2389 | D:4      | Reached skill level 7 in Axes
  2588 | D:4      | Found a sacrificial altar of Ru.
  2700 | D:4      | Noticed an ice beast
  2710 | D:4      | Killed an ice beast
  2710 | D:4      | Reached XP level 6. HP: 30/51 MP: 5/5
  3099 | D:4      | Reached skill level 8 in Axes
  3460 | D:5      | Entered Level 5 of the Dungeon
  3499 | D:5      | Reached XP level 7. HP: 57/57 MP: 6/6
  3548 | D:5      | Found Juojuyre's Book Boutique.
  3572 | D:5      | Reached skill level 9 in Axes
  3879 | D:5      | Found a shimmering altar of Xom.
  3880 | D:5      | Found a shimmering altar of Xom.
  3881 | D:5      | Found a shimmering altar of Xom.
  3990 | D:5      | Found a burning altar of Makhleb.
  3991 | D:5      | Found a radiant altar of Vehumet.
  4131 | D:5      | Found a shimmering altar of Xom.
  4333 | D:6      | Found a stormy altar of Qazlal.
  4457 | D:6      | Reached skill level 10 in Axes
  4526 | D:6      | Found Liojig's Weapon Emporium.
  4730 | D:6      | Acquired Trog's third power
  4843 | D:6      | Found a staircase to the Ecumenical Temple.
  5121 | D:7      | Reached skill level 11 in Axes
  5121 | D:7      | Reached XP level 8. HP: 43/64 MP: 7/7
  5698 | D:7      | Noticed Joseph
  5724 | D:7      | Killed Joseph
  5724 | D:7      | Reached skill level 5 in Fighting
  5724 | D:7      | Reached skill level 5 in Armour
  6493 | D:7      | Reached XP level 9. HP: 78/78 MP: 8/8
  6781 | D:7      | Noticed Crazy Yiuf
  6786 | D:7      | Killed Crazy Yiuf
  7054 | D:8      | Found a shattered altar of Ashenzari.
  7294 | D:8      | Found a bloodstained altar of Trog.
  7500 | D:8      | Found a staircase to the Lair.
  8133 | D:9      | Found Taum Erpheoju's Armour Shop.
  8136 | D:9      | Bought a +0 plate armour for 368 gold pieces
  8344 | D:9      | Reached XP level 10. HP: 93/93 MP: 9/9
  8355 | D:9      | Received a gift from Trog
  8386 | D:9      | Reached skill level 10 in Fighting
  8582 | D:9      | Reached skill level 10 in Armour
  8920 | Lair:1   | Entered Level 1 of the Lair of Beasts
  8920 | Lair:1   | Noticed a black mamba
  8928 | Lair:1   | Killed a black mamba
  9298 | Lair:1   | Reached skill level 12 in Axes
  9858 | Lair:1   | Reached XP level 11. HP: 63/99 MP: 10/10
  9899 | Lair:1   | Reached skill level 13 in Axes
 10137 | Lair:1   | Reached skill level 1 in Evocations
 10718 | Lair:2   | Got an ancient plate armour
 10741 | Lair:2   | Identified the +9 plate armour "Kuush" {+Blink rPois Dex-4 SInv} (You found it on level 2 of the Lair of Beasts)
 11095 | Lair:2   | Reached skill level 14 in Axes
 11869 | Lair:3   | Noticed Fannar
 11884 | Lair:3   | Killed Fannar
 12154 | Lair:3   | Reached skill level 15 in Axes
 12425 | Lair:3   | Noticed an eight-headed hydra
 12428 | Lair:3   | Reached skill level 5 in Evocations
 12429 | Lair:3   | Reached XP level 12. HP: 106/106 MP: 14/14
 12435 | Lair:3   | Killed a five-headed hydra
 12436 | Lair:3   | Received a gift from Trog
 12480 | Lair:3   | Found a hole to the Spider Nest.
 12530 | Lair:3   | Found a staircase to the Shoals.
 12540 | Lair:3   | Reached skill level 16 in Axes
 14855 | Lair:5   | Reached skill level 17 in Axes
 15597 | Lair:5   | Noticed an eight-headed hydra
 15603 | Lair:5   | Killed a six-headed hydra
 16244 | Lair:6   | You fall through a shaft for 2 floors!
 16244 | Lair:8   | Entered Level 8 of the Lair of Beasts
 16298 | Lair:8   | Received a gift from Trog
 16346 | Lair:8   | Reached XP level 13. HP: 61/113 MP: 17/17
 16354 | Lair:8   | Reached skill level 18 in Axes
 16888 | Lair:8   | Noticed a seven-headed hydra
 16897 | Lair:8   | Killed a four-headed hydra
 17359 | Lair:8   | Noticed a dire elephant
 17366 | Lair:8   | Killed a dire elephant
 17736 | Lair:8   | Noticed a five-headed hydra
 17741 | Lair:8   | Killed a two-headed hydra
 17741 | Lair:8   | Reached skill level 19 in Axes
 17843 | Lair:8   | Found a burning altar of Makhleb.
 17930 | Lair:8   | Found a gateway to Hell.
 17949 | Lair:8   | Killed from afar by a smoke demon

Action                   |  1- 3 |  4- 6 |  7- 9 | 10-12 | 13-15 || total
-------------------------+-------+-------+-------+-------+-------++-------
Melee: Hand axe          |    88 |   165 |    54 |       |       ||   307
       Battleaxe         |       |       |   230 |     2 |       ||   232
       Executioner's axe |       |       |       |   424 |   157 ||   581
Invok: Berserk           |       |     1 |     8 |     6 |     4 ||    19
       Burn Spellbooks   |       |     1 |     1 |     4 |       ||     6
       Trog's Hand       |       |       |       |     1 |     2 ||     3
       Brothers in Arms  |       |       |       |       |     1 ||     1
  Use: Scroll            |       |     1 |       |    13 |     1 ||    15
 Stab: Sleeping          |     2 |       |       |       |       ||     2
  Eat: Chunk             |     2 |     7 |    11 |    12 |     8 ||    40
       Meat ration       |       |       |     2 |     4 |       ||     6
       Bread ration      |       |       |     1 |       |       ||     1
